Map: Lerilak Crest

Players

HomeZoneTV - Winner!

  • Race: Zerg Zerg
  • League: Platinum

xSlayer

  • Race: Terran Terran

VOD

Have the link to the VOD?

Description

Time

  • Played on: Dec. 23, 2015, 9:27 p.m.
  • Length: 15:48
Show
View Real Time Build Order
Export as new Build Order

HomeZoneTV Zerg - Winner!

Build Orders: Hatch First, Lurkers 

Get SALT Encoding   

  12  0:01  Drone  
  13  0:12  Overlord  
  13  0:17  Drone  
  14  0:31  Drone  
  14  0:32  Drone  
  16  0:38  Drone  
  17  0:56  Hatchery  
  16  0:58  Drone  
  17  1:12  Spawning Pool  
  17  1:14  Drone  
  17  1:19  Drone  
  17  1:21  Drone  
  19  1:29  Drone  
  20  1:40  Overlord  
  20  2:02  Queen  
  20  2:03  Zergling x4  
  20  2:08  Queen  
  26  2:09  Drone  
  26  2:13  Drone  
  28  2:19  Drone  
  28  2:22  Overlord  
  29  2:33  Drone, Overlord  
  30  2:37  Queen  
  30  2:42  Drone  
  30  2:43  Queen  
  35  2:46  Drone  
  36  2:58  Drone x2  
  36  3:03  Drone  
  39  3:08  Drone  
  39  3:12  Drone x4  
  44  3:16  Overlord  
  44  3:19  Hatchery  
  43  3:27  Drone x4  
  43  3:31  Overlord  
  47  3:39  Extractor  
  47  3:41  Extractor  
  45  3:42  Extractor  
  45  3:44  Extractor  
  43  3:49  Drone x2  
  43  3:52  Drone x3  
  43  3:53  Drone  
  49  4:23  Drone x4  
  49  4:24  Drone x4  
  56  4:29  Drone  
  56  4:31  Roach Warren  
  57  4:39  Drone x4  
  57  4:40  Drone  
  57  4:43  Spore Crawler  
  57  4:44  Spine Crawler  
  57  4:45  Queen  
  62  4:53  Drone x2  
  62  4:54  Lair  
  62  4:57  Queen  
  66  5:09  Overlord x4  
  66  5:27  Queen  
  68  5:32  Queen  
  69  5:37  Roach x10  
  87  5:51  Spore Crawler  
  87  5:57  Glial Reconstitution  
  86  6:02  Evolution Chamber, Overlord  
  86  6:03  Overlord x3  
  85  6:04  Evolution Chamber  
  84  6:25  Roach  
  86  6:26  Roach x10  
  86  6:30  Zerg Missile Weapons Level 1  
  86  6:31  Zerg Ground Armor Level 1  
  106  6:33  Drone  
  106  6:38  Spore Crawler  
  106  6:42  Queen x2  
  106  6:43  Queen  
  106  6:44  Drone x3  
  106  6:45  Drone x4  
  119  7:04  Roach  
  119  7:05  Hatchery, Roach x3  
  119  7:08  Overlord  
  126  7:19  Overlord  
  126  7:20  Overlord x3  
  124  7:39  Roach x3  
  124  7:40  Roach x7  
  141  7:48  Ravager x3  
  144  7:55  Drone x3  
  144  7:56  Drone x2  
  149  7:59  Overseer, Extractor  
  149  8:00  Pneumatized Carapace  
  149  8:01  Extractor  
  147  8:17  Overlord x2  
  147  8:19  Drone x3  
  150  8:20  Drone x2  
  150  8:21  Drone  
  153  8:37  Extractor  
  153  8:38  Hatchery  
  153  8:41  Extractor  
  150  8:42  Ravager x2  
  150  8:43  Ravager x6  
  158  8:48  Hydralisk Den  
  154  9:11  Overlord x5  
  154  9:20  Lurker Den  
  154  9:25  Zerg Missile Weapons Level 2  
  154  9:26  Zerg Ground Armor Level 2  
  154  9:27  Infestation Pit  
  154  9:28  Overlord x2  
  154  9:29  Roach x2  
  154  9:30  Roach x6  
  169  10:00  Spine Crawler  
  121  10:26  Roach x6  
  121  10:27  Roach  
  135  10:28  Pathogen Glands  
  135  10:37  Overseer  
  135  10:49  Hive  
  135  10:55  Hydralisk x4  
  135  10:56  Hydralisk x5  
  153  11:16  Spine Crawler  
  153  11:17  Spine Crawler  
  144  11:40  Muscular Augments  
  144  11:46  Infestor x2  
  144  11:47  Infestor x5  
  158  12:15  Lurker x8  
  125  12:55  Zerg Missile Weapons Level 3  
  125  12:56  Zerg Ground Armor Level 3  
  125  12:59  Spire  
  121  13:39  Roach  
  121  13:40  Roach x25  
  129  14:36  Ravager  
  129  14:37  Ravager x18  
  129  14:38  Ravager x2  
  150  14:40  Roach x5  
  150  14:41  Roach x2  
  150  14:43  Drone  
  165  14:54  Drone x3  
Show
View Real Time Build Order
Export as new Build Order

xSlayer Terran 

Build Orders: Liberator Opening, Bio Tank 

Get SALT Encoding   

  12  0:01  SCV  
  13  0:13  SCV  
  14  0:20  Supply Depot  
  14  0:25  SCV  
  15  0:42  SCV  
  16  0:47  Refinery, Barracks  
  16  0:54  SCV  
  17  1:06  SCV  
  18  1:18  SCV  
  20  1:35  Orbital Command  
  20  1:37  Reaper  
  20  1:43  Command Center  
  20  1:54  Refinery  
  20  1:57  Supply Depot  
  20  2:06  SCV  
  21  2:20  Factory  
  21  2:27  SCV  
  22  2:42  SCV  
  22  2:43  Marine  
  24  2:56  Orbital Command  
  23  3:09  Factory Reactor, Starport  
  23  3:11  SCV  
  24  3:16  Marine  
  24  3:17  Command Center  
  25  3:35  Marine  
  25  3:40  SCV  
  27  3:45  Liberator  
  27  3:46  Supply Depot  
  27  3:49  Liberator  
  27  3:52  SCV, Barracks  
  27  3:53  SCV  
  29  4:00  Barracks  
  32  4:04  SCV  
  36  4:11  Marine  
  36  4:14  SCV  
  36  4:16  SCV  
  39  4:18  Factory Tech Lab  
  39  4:27  SCV  
  39  4:29  Orbital Command  
  39  4:31  SCV  
  41  4:34  Marine  
  41  4:37  Siege Tank  
  45  4:43  Barracks Tech Lab  
  45  4:45  Barracks  
  45  4:52  Barracks Tech Lab  
  45  4:53  Barracks Reactor  
  45  4:54  Medivac  
  45  4:55  Orbital Command  
  45  4:56  SCV  
  48  5:15  Marine  
  48  5:16  Marine  
  48  5:17  Siege Tank  
  50  5:43  Marine x4  
  50  5:49  Siege Tank  
  57  5:51  Barracks  
  57  5:52  SCV x3  
  57  5:54  Barracks  
  60  6:01  Marine x4  
  64  6:04  SCV x3  
  64  6:05  Supply Depot  
  64  6:07  Refinery  
  64  6:11  Refinery  
  67  6:15  Medivac  
  69  6:22  SCV x3, Marine  
  73  6:30  Marine x3  
  76  6:35  SCV x3, Stimpack  
  76  6:37  Combat Shields  
  79  6:41  Marine x2  
  79  6:44  Engineering Bay  
  81  6:57  Marine x3  
  81  6:58  Marine  
  85  7:03  Supply Depot  
  85  7:04  Supply Depot x2, Marine x2  
  85  7:05  SCV x3  
  90  7:09  Marine  
  90  7:15  Marine  
  92  7:16  Terran Infantry Weapons Level 1  
  92  7:17  SCV  
  93  7:24  SCV x2, Marine  
  93  7:27  Supply Depot  
  93  7:29  SCV  
  94  7:52  Marine x4  
  94  7:53  Marine x3  
  94  7:57  Siege Tank  
  104  8:05  Medivac x2  
  108  8:07  SCV, Factory, Supply Depot  
  108  8:09  Barracks  
  108  8:10  Marine x5  
  108  8:11  Factory, Marine x2  
  108  8:12  SCV x2  
  118  8:19  SCV  
  119  8:24  SCV x2  
  121  8:28  Marine x3  
  121  8:29  Marine  
  121  8:30  Marine x3  
  121  8:31  SCV  
  129  8:36  SCV  
  130  8:45  Marine  
  130  8:46  Marine x2  
  133  8:49  Marine  
  133  8:50  Marine  
  133  8:55  Marine x3  
  128  8:58  Factory Tech Lab x2  
  131  9:03  SCV x2  
  131  9:07  Supply Depot  
  131  9:08  Supply Depot  
  133  9:12  Armory  
  133  9:14  Terran Infantry Armor Level 1  
  133  9:23  Supply Depot, Marine x5  
  133  9:24  SCV x2, Marine  
  142  9:26  Supply Depot  
  142  9:27  Supply Depot  
  142  9:28  Siege Tank x2  
  149  9:36  Command Center  
  149  9:37  SCV  
  150  9:40  Barracks Reactor  
  150  9:41  Barracks Reactor, Marine x3  
  150  9:43  Barracks Reactor  
  150  9:45  Siege Tank  
  154  9:47  Supply Depot x2  
  154  9:49  SCV, Marine x2  
  157  9:59  Marine x3  
  160  10:00  Siege Tank  
  160  10:06  Marine  
  160  10:07  Marine  
  123  10:17  Marine x3  
  123  10:18  Siege Tank  
  106  10:22  Marine  
  106  10:23  Marine x4  
  106  10:24  Marine x2  
  106  10:26  SCV x3  
  115  10:34  Marine  
  115  10:35  Marine x3  
  118  10:38  Medivac  
  118  10:40  Marine x2  
  118  10:41  Marine  
  123  10:47  Marine  
  123  10:48  SCV x2  
  126  10:54  Marine x6  
  126  10:55  Marine  
  126  10:56  SCV  
  134  10:58  Marine x2  
  134  11:02  SCV, Engineering Bay  
  137  11:04  Marine  
  137  11:05  Marine  
  137  11:06  Medivac  
  137  11:07  SCV, Terran Infantry Weapons Level 2  
  137  11:09  Orbital Command  
  142  11:12  Marine x3  
  142  11:13  Marine x3  
  142  11:14  Widow Mine  
  142  11:17  SCV, Hellion  
  153  11:29  Marine  
  153  11:30  Marine x7  
  153  11:31  SCV  
  162  11:39  Marine x3  
  156  11:40  Widow Mine x2  
  156  11:41  Medivac  
  156  11:42  Medivac  
  156  11:46  SCV  
  165  11:51  Refinery x2  
  165  12:09  Marine x4  
  165  12:10  Marine x6  
  165  12:11  Command Center  
  175  12:16  Marine  
  165  12:27  Marine x6  
  165  12:28  Marine x2  
  147  12:33  Marine x2  
  147  12:34  Marine  
  147  12:36  SCV x3  
  148  12:40  SCV  
  148  12:42  Refinery  
  149  12:45  Terran Infantry Armor Level 2, Refinery, Marine x7  
  149  12:47  Medivac x2  
  149  12:48  SCV x3, Marine  
  149  12:51  Marine x2  
  165  12:52  Marine  
  167  12:59  SCV  
  167  13:00  SCV x2  
  167  13:02  Marine  
  167  13:03  Marine x3  
  174  13:09  Barracks  
  174  13:10  Barracks  
  174  13:15  Marine x3  
  174  13:17  Medivac  
  174  13:19  Command Center  
  179  13:22  Marine x3  
  179  13:25  Marine x3  
  161  13:41  Marine x2  
  151  13:45  Marine  
  151  13:46  Marine x5  
  151  13:47  Marine x3  
  138  13:55  Widow Mine  
  138  13:56  Siege Tank, Widow Mine  
  138  13:59  Marine x2  
  138  14:01  SCV x3  
  138  14:02  SCV x2  
  141  14:03  Marine x3  
  141  14:04  Marine x6  
  141  14:08  Barracks  
  141  14:09  Barracks  
  141  14:11  Barracks  
  141  14:13  SCV, Medivac x2  
  141  14:16  Marine x2  
  147  14:21  Marine x4  
  147  14:22  Marine x4  
  156  14:25  Siege Tank x2, Marine x3  
  156  14:27  SCV x2  
  167  14:34  Marine x2  
  167  14:36  SCV  
  167  14:37  Supply Depot  
  171  14:39  Marine x6  
  171  14:40  Marine  
  171  14:43  Medivac x2  
  182  14:48  Planetary Fortress  
  182  14:49  Planetary Fortress  
  181  14:53  Refinery  
  181  14:54  Refinery  
  181  14:57  Marine x2  
  181  14:58  Marine x8  
  181  14:59  Marine x3  
  194  15:03  Marine x3  
  197  15:09  Missile Turret  
  197  15:11  Missile Turret x2  
  195  15:15  Marine x4  
  195  15:16  Marine x6  
  195  15:17  Marine x2  
  195  15:18  Marine  
  195  15:21  Marine x3  
Tags
 
Add a new tag
Caveats
  • Supply blocks, unpowered buildings, or Contaminate may cause inaccurate times.
  • Supply counts are checked every 10 seconds.